3115 views
Uploaded 2020-05-11 17:34:23
Game version 1.32.4 / 1.32.5
18:47 long 3on3 ladder game on (6)TimbermawHold
Saved by Claims
3115 views
Uploaded 2020-05-11 17:34:23
Game version 1.32.4 / 1.32.5
18:47 long 3on3 ladder game on (6)TimbermawHold


111 units @ 15.3k
/ 1.8k
62 buildings @ 7.1k
/ 3.1k



| Staff of Sanctuary | 1 | 250 |
| Scroll of Town Portal | 2 | 700 |
| Potion of Lesser Invulnerability | 1 | 150 |
| total: | 4 | 1100g |
| Peasant | 16 | 1200 | / | 0 |
| Footman | 10 | 1350 | / | 0 |
| Priest | 7 | 945 | / | 70 |
| Rifleman | 3 | 615 | / | 90 |
| Spell Breaker | 5 | 1075 | / | 150 |
| Knight | 3 | 735 | / | 180 |
| Sorceress | 2 | 310 | / | 40 |
| total: | 46 | 6230g | / | 530w |
| Scout Tower | 3 | 90 | / | 60 |
| Arcane Tower | 1 | 70 | / | 50 |
| Guard Tower | 1 | 70 | / | 50 |
| Altar of Kings | 1 | 180 | / | 50 |
| Barracks | 1 | 160 | / | 60 |
| Farm | 10 | 800 | / | 200 |
| Town Hall | 1 | 385 | / | 205 |
| Arcane Vault | 1 | 130 | / | 30 |
| Lumber Mill | 1 | 120 | / | 0 |
| Blacksmith | 1 | 140 | / | 60 |
| Arcane Sanctum | 2 | 300 | / | 280 |
| Workshop | 2 | 280 | / | 280 |
| Keep | 1 | 320 | / | 210 |
| Castle | 1 | 360 | / | 210 |
| total: | 23 | 2585g | / | 1225w |
| 0:02 | Peasant |
| 0:06 | Altar of Kings |
| 0:09 | Peasant |
| 0:18 | Barracks |
| 0:27 | Peasant |
| 0:33 | Farm |
| 0:43 | Peasant |
| 0:47 | Peasant |
| 1:04 | Farm |
| 1:17 | Peasant |
| 1:19 | Footman |
| 1:31 | Peasant |
| 1:33 | Peasant |
| 1:41 | Footman |
| 1:47 | Farm |
| 1:51 | Peasant |
| 2:04 | Footman |
| 2:05 | Footman |
| 2:05 | Footman |
| 2:08 | Summon Water Elemental |
| 2:33 | Footman |
| 2:48 | Keep |
| 3:00 | Footman |
| 3:22 | Footman |
| 3:28 | Brilliance Aura |
| 3:52 | Town Hall |
| 4:04 | Defend |
| 4:38 | Scout Tower |
| 4:53 | Farm |
| 4:57 | Arcane Vault |
| 5:24 | Farm |
| 5:26 | Peasant |
| 5:26 | Peasant |
| 5:51 | Lumber Mill |
| 5:51 | Peasant |
| 5:52 | Peasant |
| 5:58 | Footman |
| 6:14 | Arcane Tower |
| 6:38 | Arcane Sanctum |
| 7:17 | Summon Water Elemental |
| 7:32 | Footman |
| 7:33 | Castle |
| 7:35 | Improved Lumber Harvesting |
| 7:40 | Storm Bolt |
| 7:50 | Blacksmith |
| 7:51 | Peasant |
| 7:52 | Peasant |
| 8:00 | Priest |
| 8:03 | Farm |
| 8:11 | Priest |
| 8:22 | Arcane Sanctum |
| 9:07 | Rifleman |
| 9:32 | Peasant |
| 9:34 | Scout Tower |
| 9:35 | Scout Tower |
| 9:37 | Rifleman |
| 9:38 | Spell Breaker |
| 9:38 | Priest |
| 9:40 | Priest Adept Training |
| 9:41 | Iron Plating |
| 10:33 | Spell Breaker |
| 10:48 | Staff of Sanctuary |
| 10:48 | Scroll of Town Portal |
| 10:53 | Guard Tower |
| 11:04 | Priest |
| 11:08 | Farm |
| 11:09 | Holy Light |
| 11:14 | Farm |
| 11:27 | Iron Forged Swords |
| 11:42 | Priest Master Training |
| 11:43 | Priest |
| 12:21 | Knight |
| 12:23 | Sorceress |
| 13:17 | Thunder Clap |
| 13:47 | Knight |
| 13:47 | Rifleman |
| 13:48 | Spell Breaker |
| 14:16 | Storm Bolt |
| 14:33 | Knight |
| 14:57 | Sorceress Adept Training |
| 15:32 | Spell Breaker |
| 15:32 | Priest |
| 15:33 | Steel Forged Swords |
| 15:33 | Steel Plating |
| 15:34 | Black Gunpowder |
| 15:38 | Potion of Lesser Invulnerability |
| 15:47 | Scroll of Town Portal |
| 15:55 | Farm |
| 15:57 | Advanced Lumber Harvesting |
| 16:13 | Sorceress |
| 16:40 | Workshop |
| 16:44 | Workshop |
| 16:56 | Farm |
| 18:09 | Spell Breaker |
| 18:10 | Priest |
| 18:11 | Animal War Training |
| 18:38 | Brilliance Aura |
| Right click | 538 |
| Select group | 350 |
| Select | 306 |
| Misc. action | 141 |
| Build/train/purchase | 108 |
| Assign group | 46 |
| Use ability | 23 |
| Esc | 3 |
| Remove unit | 1 |
| Minimap ping | 1 |


| Scroll of Regeneration | 1 | 100 |
| Scroll of Town Portal | 1 | 350 |
| Boots of Speed | 1 | 250 |
| total: | 3 | 700g |
| Peasant | 9 | 675 | / | 0 |
| Footman | 2 | 270 | / | 0 |
| Rifleman | 10 | 2050 | / | 300 |
| Priest | 3 | 405 | / | 30 |
| Sorceress | 3 | 465 | / | 60 |
| total: | 27 | 3865g | / | 390w |
| Altar of Kings | 1 | 180 | / | 50 |
| Barracks | 1 | 160 | / | 60 |
| Farm | 11 | 880 | / | 220 |
| Blacksmith | 1 | 140 | / | 60 |
| Arcane Vault | 1 | 130 | / | 30 |
| Lumber Mill | 1 | 120 | / | 0 |
| Arcane Sanctum | 3 | 450 | / | 420 |
| Keep | 1 | 320 | / | 210 |
| Castle | 1 | 360 | / | 210 |
| total: | 19 | 2060g | / | 840w |
| 0:03 | Peasant |
| 0:03 | Peasant |
| 0:09 | Altar of Kings |
| 0:11 | Barracks |
| 0:25 | Farm |
| 0:28 | Peasant |
| 0:36 | Peasant |
| 0:57 | Farm |
| 1:01 | Peasant |
| 1:17 | Footman |
| 1:26 | Peasant |
| 1:40 | Footman |
| 1:56 | Blacksmith |
| 2:04 | Farm |
| 2:14 | Storm Bolt |
| 2:29 | Peasant |
| 2:39 | Arcane Vault |
| 3:04 | Peasant |
| 3:04 | Peasant |
| 3:09 | Lumber Mill |
| 3:18 | Rifleman |
| 3:43 | Keep |
| 3:58 | Rifleman |
| 4:09 | Scroll of Regeneration |
| 4:20 | Farm |
| 4:33 | Bash |
| 4:51 | Farm |
| 5:00 | Studded Leather Armor |
| 5:06 | Rifleman |
| 5:50 | Rifleman |
| 6:16 | Arcane Sanctum |
| 6:17 | Arcane Sanctum |
| 6:28 | Long Rifles |
| 6:40 | Arcane Sanctum |
| 6:43 | Improved Lumber Harvesting |
| 7:21 | Holy Light |
| 7:31 | Rifleman |
| 7:35 | Farm |
| 7:57 | Priest Adept Training |
| 8:13 | Farm |
| 8:13 | Farm |
| 8:14 | Farm |
| 8:31 | Priest |
| 8:40 | Boots of Speed |
| 8:55 | Storm Bolt |
| 9:12 | Devotion Aura |
| 9:17 | Priest |
| 9:34 | Black Gunpowder |
| 9:50 | Castle |
| 10:21 | Rifleman |
| 11:24 | Rifleman |
| 11:30 | Scroll of Town Portal |
| 11:34 | Sorceress Adept Training |
| 11:45 | Refined Gunpowder |
| 12:15 | Sorceress |
| 12:39 | Priest Master Training |
| 13:47 | Holy Light |
| 13:50 | Rifleman |
| 13:57 | Bash |
| 14:26 | Sorceress Master Training |
| 14:29 | Rifleman |
| 14:35 | Priest |
| 15:27 | Reinforced Leather Armor |
| 15:29 | Rifleman |
| 15:35 | Farm |
| 15:35 | Farm |
| 16:14 | Sorceress |
| 16:16 | Sorceress |
| 18:34 | Divine Shield |
| Select group | 613 |
| Right click | 450 |
| Misc. action | 285 |
| Select | 222 |
| Build/train/purchase | 54 |
| Assign group | 28 |
| Use ability | 25 |
| Minimap ping | 5 |



| Peasant | 16 | 1200 | / | 0 |
| Footman | 8 | 1080 | / | 0 |
| Mortar Team | 7 | 1260 | / | 490 |
| Knight | 6 | 1470 | / | 360 |
| Siege Engine | 1 | 195 | / | 60 |
| total: | 38 | 5205g | / | 910w |
| Altar of Kings | 1 | 180 | / | 50 |
| Barracks | 2 | 320 | / | 120 |
| Farm | 10 | 800 | / | 200 |
| Arcane Vault | 1 | 130 | / | 30 |
| Lumber Mill | 1 | 120 | / | 0 |
| Blacksmith | 1 | 140 | / | 60 |
| Town Hall | 1 | 385 | / | 205 |
| Workshop | 3 | 420 | / | 420 |
| Keep | 1 | 320 | / | 210 |
| Castle | 1 | 360 | / | 210 |
| total: | 20 | 2495g | / | 1085w |
| 0:03 | Peasant |
| 0:03 | Peasant |
| 0:07 | Altar of Kings |
| 0:19 | Barracks |
| 0:26 | Peasant |
| 0:34 | Farm |
| 0:39 | Peasant |
| 0:47 | Peasant |
| 1:04 | Farm |
| 1:07 | Peasant |
| 1:20 | Footman |
| 1:35 | Footman |
| 1:43 | Farm |
| 1:44 | Peasant |
| 2:01 | Footman |
| 2:09 | Blizzard |
| 2:13 | Arcane Vault |
| 2:33 | Footman |
| 3:13 | Footman |
| 3:28 | Brilliance Aura |
| 3:47 | Keep |
| 3:48 | Footman |
| 3:51 | Lumber Mill |
| 3:54 | Defend |
| 4:24 | Footman |
| 4:50 | Farm |
| 5:10 | Farm |
| 5:42 | Footman |
| 5:47 | Farm |
| 5:52 | Blacksmith |
| 6:45 | Castle |
| 7:01 | Blizzard |
| 7:35 | Workshop |
| 7:36 | Iron Forged Swords |
| 7:44 | Holy Light |
| 8:10 | Barracks |
| 8:45 | Town Hall |
| 9:19 | Mortar Team |
| 9:19 | Mortar Team |
| 9:44 | Peasant |
| 9:49 | Knight |
| 9:51 | Peasant |
| 9:51 | Peasant |
| 9:55 | Peasant |
| 10:58 | Knight |
| 11:01 | Improved Lumber Harvesting |
| 11:02 | Peasant |
| 11:02 | Peasant |
| 11:06 | Peasant |
| 11:06 | Peasant |
| 11:22 | Farm |
| 11:26 | Farm |
| 11:30 | Farm |
| 11:38 | Peasant |
| 11:58 | Storm Bolt |
| 12:31 | Long Rifles |
| 12:33 | Animal War Training |
| 12:33 | Sundering Blades |
| 13:16 | Devotion Aura |
| 13:27 | Knight |
| 13:28 | Mortar Team |
| 13:28 | Mortar Team |
| 14:08 | Mortar Team |
| 14:11 | Workshop |
| 14:15 | Brilliance Aura |
| 14:29 | Holy Light |
| 14:59 | Knight |
| 15:00 | Mortar Team |
| 15:05 | Fragmentation Shards |
| 15:30 | Farm |
| 15:35 | Knight |
| 16:23 | Mortar Team |
| 16:24 | Flare |
| 16:42 | Barrage |
| 16:53 | Workshop |
| 18:17 | Knight |
| 18:18 | Siege Engine |
| 18:38 | Bash |
| Select group | 941 |
| Right click | 704 |
| Misc. action | 451 |
| Select | 409 |
| Build/train/purchase | 83 |
| Use ability | 52 |
| Assign group | 40 |
| Minimap ping | 6 |
| Esc | 2 |
| Remove unit | 1 |
96 units @ 15.5k
/ 2.4k
54 buildings @ 8.2k
/ 3.2k


| Peasant | 27 | 2025 | / | 0 |
| Footman | 10 | 1350 | / | 0 |
| Spell Breaker | 6 | 1290 | / | 180 |
| Knight | 6 | 1470 | / | 360 |
| Sorceress | 4 | 620 | / | 80 |
| total: | 53 | 6755g | / | 620w |
| Altar of Kings | 1 | 180 | / | 50 |
| Farm | 10 | 800 | / | 200 |
| Barracks | 2 | 320 | / | 120 |
| Arcane Vault | 1 | 130 | / | 30 |
| Town Hall | 2 | 770 | / | 410 |
| Blacksmith | 1 | 140 | / | 60 |
| Lumber Mill | 1 | 120 | / | 0 |
| Arcane Sanctum | 2 | 300 | / | 280 |
| Keep | 1 | 320 | / | 210 |
| Castle | 1 | 360 | / | 210 |
| total: | 20 | 2760g | / | 1150w |
| 0:02 | Peasant |
| 0:02 | Peasant |
| 0:03 | Peasant |
| 0:19 | Altar of Kings |
| 0:22 | Peasant |
| 0:36 | Farm |
| 0:37 | Peasant |
| 0:49 | Barracks |
| 1:10 | Farm |
| 1:14 | Peasant |
| 1:28 | Peasant |
| 1:35 | Arcane Vault |
| 1:39 | Peasant |
| 1:50 | Farm |
| 1:54 | Footman |
| 2:02 | Peasant |
| 2:04 | Peasant |
| 2:09 | Farm |
| 2:14 | Footman |
| 2:17 | Peasant |
| 2:20 | Flame Strike |
| 2:31 | Footman |
| 3:29 | Town Hall |
| 3:38 | Peasant |
| 3:39 | Peasant |
| 3:39 | Peasant |
| 3:43 | Footman |
| 3:54 | Siphon Mana |
| 4:20 | Peasant |
| 4:20 | Peasant |
| 4:45 | Peasant |
| 4:45 | Peasant |
| 5:07 | Keep |
| 5:11 | Farm |
| 5:14 | Farm |
| 5:19 | Blacksmith |
| 5:23 | Lumber Mill |
| 5:28 | Peasant |
| 5:29 | Peasant |
| 5:40 | Footman |
| 5:40 | Footman |
| 5:40 | Footman |
| 6:21 | Flame Strike |
| 6:35 | Iron Forged Swords |
| 6:36 | Iron Plating |
| 6:40 | Barracks |
| 7:13 | Footman |
| 7:13 | Footman |
| 7:13 | Footman |
| 7:33 | Castle |
| 7:51 | Arcane Sanctum |
| 7:55 | Steel Forged Swords |
| 8:15 | Arcane Sanctum |
| 8:18 | Improved Lumber Harvesting |
| 8:21 | Farm |
| 8:22 | Farm |
| 8:57 | Holy Light |
| 9:20 | Spell Breaker |
| 9:20 | Spell Breaker |
| 9:23 | Steel Plating |
| 9:33 | Farm |
| 9:36 | Farm |
| 9:49 | Spell Breaker |
| 10:32 | Peasant |
| 10:32 | Peasant |
| 10:33 | Peasant |
| 10:33 | Peasant |
| 10:33 | Peasant |
| 10:36 | Peasant |
| 10:37 | Peasant |
| 10:40 | Knight |
| 10:51 | Spell Breaker |
| 11:24 | Defend |
| 11:26 | Mithril Plating |
| 11:31 | Control Magic |
| 12:26 | Knight |
| 12:31 | Sorceress |
| 13:18 | Sorceress |
| 13:53 | Sorceress |
| 13:53 | Sorceress |
| 14:24 | Knight |
| 14:59 | Spell Breaker |
| 16:06 | Spell Breaker |
| 16:43 | Town Hall |
| 16:51 | Knight |
| 18:19 | Siphon Mana |
| 18:30 | Knight |
| 18:30 | Knight |
| Right click | 537 |
| Select | 259 |
| Select group | 81 |
| Build/train/purchase | 72 |
| Misc. action | 32 |
| Use ability | 29 |
| Assign group | 27 |
| Resource trade | 27 |
| Remove unit | 6 |



| Rod of Necromancy | 2 | 300 |
| Potion of Mana | 1 | 200 |
| Orb of Corruption | 1 | 375 |
| Scroll of Town Portal | 1 | 350 |
| total: | 5 | 1225g |
| Acolyte | 3 | 225 | / | 0 |
| Ghoul | 2 | 240 | / | 0 |
| Crypt Fiend | 14 | 3010 | / | 560 |
| Obsidian Statue | 3 | 600 | / | 105 |
| total: | 22 | 4075g | / | 665w |
| Nerubian Tower | 1 | 100 | / | 20 |
| Spirit Tower | 2 | 290 | / | 80 |
| Crypt | 1 | 200 | / | 50 |
| Graveyard | 2 | 430 | / | 0 |
| Altar of Darkness | 1 | 180 | / | 50 |
| Ziggurat | 11 | 1650 | / | 550 |
| Tomb of Relics | 2 | 260 | / | 60 |
| Slaughterhouse | 1 | 140 | / | 135 |
| Halls of the Dead | 1 | 320 | / | 210 |
| Black Citadel | 1 | 325 | / | 230 |
| total: | 18 | 2860g | / | 845w |
| 0:04 | Acolyte |
| 0:07 | Crypt |
| 0:11 | Graveyard |
| 0:14 | Graveyard |
| 0:19 | Acolyte |
| 0:42 | Altar of Darkness |
| 0:59 | Ziggurat |
| 1:09 | Ghoul |
| 1:22 | Tomb of Relics |
| 1:26 | Tomb of Relics |
| 1:53 | Crypt Fiend |
| 2:26 | Crypt Fiend |
| 2:32 | Ziggurat |
| 2:49 | Rod of Necromancy |
| 3:24 | Death Coil |
| 3:39 | Crypt Fiend |
| 4:01 | Halls of the Dead |
| 4:02 | Crypt Fiend |
| 4:36 | Unholy Aura |
| 4:43 | Crypt Fiend |
| 4:46 | Ziggurat |
| 5:40 | Nerubian Tower |
| 5:57 | Crypt Fiend |
| 6:26 | Web |
| 6:43 | Slaughterhouse |
| 7:21 | Death Coil |
| 7:38 | Frost Nova |
| 7:42 | Crypt Fiend |
| 7:46 | Ghoul |
| 9:14 | Black Citadel |
| 9:15 | Crypt Fiend |
| 9:18 | Ziggurat |
| 9:21 | Spirit Tower |
| 9:54 | Rod of Necromancy |
| 9:55 | Potion of Mana |
| 9:57 | Scroll of Town Portal |
| 11:22 | Ziggurat |
| 11:24 | Ziggurat |
| 11:35 | Orb of Corruption |
| 12:23 | Obsidian Statue |
| 12:24 | Obsidian Statue |
| 12:42 | Crypt Fiend |
| 12:42 | Crypt Fiend |
| 12:45 | Creature Attack |
| 12:45 | Creature Carapace |
| 14:13 | Unholy Aura |
| 14:24 | Crypt Fiend |
| 14:46 | Obsidian Statue |
| 15:05 | Impale |
| 15:09 | Spirit Tower |
| 15:27 | Crypt Fiend |
| 15:27 | Crypt Fiend |
| 15:30 | Improved Creature Attack |
| 16:17 | Ziggurat |
| 16:22 | Ziggurat |
| 16:23 | Ziggurat |
| 17:24 | Crypt Fiend |
| 17:28 | Ziggurat |
| 17:29 | Ziggurat |
| 17:34 | Acolyte |
| 17:50 | Frost Armor |
| Right click | 867 |
| Select | 345 |
| Select group | 265 |
| Assign group | 82 |
| Build/train/purchase | 63 |
| Misc. action | 49 |
| Use ability | 29 |
| Item give/drop | 2 |
| Remove unit | 2 |
| Minimap ping | 1 |


| Rod of Necromancy | 2 | 300 |
| Potion of Healing | 1 | 150 |
| total: | 3 | 450g |
| Acolyte | 3 | 225 | / | 0 |
| Ghoul | 6 | 720 | / | 0 |
| Abomination | 6 | 1440 | / | 420 |
| Frost Wyrm | 6 | 2310 | / | 720 |
| total: | 21 | 4695g | / | 1140w |
| Spirit Tower | 5 | 725 | / | 200 |
| Altar of Darkness | 1 | 180 | / | 50 |
| Ziggurat | 7 | 1050 | / | 350 |
| Crypt | 1 | 200 | / | 50 |
| Tomb of Relics | 1 | 130 | / | 30 |
| Graveyard | 2 | 430 | / | 0 |
| Sacrificial Pit | 1 | 75 | / | 150 |
| Slaughterhouse | 1 | 140 | / | 135 |
| Boneyard | 2 | 350 | / | 400 |
| Halls of the Dead | 1 | 320 | / | 210 |
| Black Citadel | 1 | 325 | / | 230 |
| total: | 16 | 2555g | / | 1165w |
| 0:08 | Altar of Darkness |
| 0:12 | Ziggurat |
| 0:20 | Acolyte |
| 0:20 | Acolyte |
| 0:25 | Acolyte |
| 0:55 | Crypt |
| 1:11 | Tomb of Relics |
| 1:29 | Ziggurat |
| 1:45 | Graveyard |
| 2:00 | Ghoul |
| 2:06 | Ghoul |
| 2:15 | Unholy Aura |
| 2:21 | Rod of Necromancy |
| 2:41 | Ghoul |
| 3:11 | Ghoul |
| 3:11 | Ghoul |
| 3:55 | Halls of the Dead |
| 4:03 | Unholy Strength |
| 4:44 | Cannibalize |
| 4:46 | Ghoul |
| 4:48 | Spirit Tower |
| 4:49 | Spirit Tower |
| 4:53 | Ziggurat |
| 4:57 | Unholy Armor |
| 5:04 | Rod of Necromancy |
| 5:38 | Death Coil |
| 6:41 | Black Citadel |
| 6:46 | Sacrificial Pit |
| 6:55 | Slaughterhouse |
| 7:53 | Frost Nova |
| 8:05 | Spirit Tower |
| 8:11 | Improved Unholy Strength |
| 8:12 | Improved Unholy Armor |
| 8:25 | Ziggurat |
| 8:32 | Ziggurat |
| 9:11 | Potion of Healing |
| 9:30 | Disease Cloud |
| 10:03 | Boneyard |
| 10:07 | Abomination |
| 10:08 | Abomination |
| 11:04 | Abomination |
| 11:23 | Graveyard |
| 11:29 | Spirit Tower |
| 11:31 | Spirit Tower |
| 11:38 | Frost Wyrm |
| 11:39 | Frost Wyrm |
| 11:39 | Frost Wyrm |
| 12:12 | Ziggurat |
| 12:16 | Ziggurat |
| 12:34 | Boneyard |
| 13:49 | Freezing Breath |
| 13:59 | Abomination |
| 13:59 | Abomination |
| 14:05 | Abomination |
| 14:16 | Frost Armor |
| 15:09 | Frost Wyrm |
| 16:15 | Frost Wyrm |
| 16:47 | Frost Wyrm |
| Right click | 206 |
| Select | 149 |
| Build/train/purchase | 55 |
| Use ability | 11 |
| Minimap ping | 6 |
| Misc. action | 3 |
⇛